Canucks vs Nordiques

Created - March 4, 2020 at 22:49

Goals
1 2 3 T
Canucks 0 2 0 2
Nordiques 1 1 1 3
Shots
1 2 3 T
Canucks 15 6 10 31
Nordiques 13 8 2 23

1st period

1. Nordiques , Vladimir Tarasenko 24 (R.J. Umberger 17) at 4:10

Penalties :
Fedor Tyutin (Que) for Roughing (Minor) at 6:06

2nd period

2. Canucks , Loui Eriksson 14 (Nick Palmieri 24, Robert Nilsson 36) at 0:24
3. Nordiques , Tim Connolly 16 (Evander Kane 36, Dustin Byfuglien 10) at 18:32
4. Canucks , Nick Palmieri 28 (Drew Fata 19, Robert Nilsson 37) at 18:41

Penalties :
R.J. Umberger (Que) for Cross-checking (Minor) at 3:54, David Legwand (Que) for Holding (Minor) at 7:13, Zac Rinaldo (Que) for Roughing (Minor) at 13:07

3rd period

5. Nordiques , Mike Brown 20 (Maxim Talbot 29, Jiri Hudler 11) at 9:52

Penalties :
Evander Kane (Que) for Slashing (Minor) at 2:34, Adam Pineault (Que) for Diving (Minor) at 7:04, Maxim Talbot (Que) for Hooking (Minor) at 11:17, Jiri Hudler (Que) for Boarding (Minor) at 14:33, Robert Nilsson (Van) for Hooking (Minor) at 19:47

Goalie Stats

Jacob Markstrom (Van), 20 saves from 23 shots - (0.870), L, 21-21-5, 59:24 minutes
Jonathan Quick (Que), 29 saves from 31 shots - (0.935), W, 23-10-2, 60:00 minutes

Players Stats for Canucks

Player Name              G  A  P  +/- PIM S  H  SB GA TA FO     MP     PP MP  PK MP  
------------------------------------------------------------------------------------
Andy Rogers              0  0  0   0  0   1  0  1  0  0  0/0    20:46   7:21   0:00 
Brad Boyes               0  0  0   0  0   3  1  0  0  2  2/3    19:14   7:39   0:00 
Brandon Saad             0  0  0  -2  0   0  0  0  0  0  0/0     7:20   0:00   0:00 
Brandon Sutter           0  0  0   0  0   5  3  0  1  0  2/5    11:54   0:07   0:00 
Daniel Carcillo          0  0  0   0  0   0  1  0  0  0  0/0    19:11   7:39   0:00 
Drew Fata                0  1  1   1  0   0  3  1  1  1  0/0    24:47   8:31   0:12 
Jack Skille              0  0  0  -2  0   1  0  0  0  0  1/3     4:50   0:20   0:00 
Jamie McBain             0  0  0   1  0   1  0  0  0  0  0/0    24:47   8:31   0:12 
Jason Zucker             0  0  0   0  0   3  1  0  1  1  1/1    11:22   0:00   0:00 
Jeremy Morin             0  0  0   0  0   1  5  0  0  0  1/1    12:15   0:03   0:12 
Jesper Fast              0  0  0  -2  0   1  1  0  0  0  0/0     7:37   0:00   0:00 
Jonathan Blum            0  0  0  -2  0   1  0  1  0  0  0/0    15:27   0:00   0:00 
Jordie Benn              0  0  0  -2  0   0  0  0  0  0  0/0    14:27   0:00   0:00 
Loui Eriksson            1  0  1   1  0   5  3  1  1  0  1/1    21:20   8:08   0:12 
Marc Savard              0  0  0   0  0   0  1  0  0  0  2/6    19:18   7:41   0:00 
Nick Palmieri            1  1  2   1  0   5  2  1  0  1  1/1    20:46   7:53   0:00 
Paul Ranger              0  0  0   0  0   2  1  1  1  0  0/0    19:46   7:21   0:00 
Robert Nilsson           0  2  2   1  2   2  1  1  1  0  25/38  24:40   8:06   0:00 

Players Stats for Nordiques

Player Name              G  A  P  +/- PIM S  H  SB GA TA FO     MP     PP MP  PK MP  
------------------------------------------------------------------------------------
Adam Pineault            0  0  0   1  2   1  0  0  0  0  0/0     5:52   0:00   0:00 
David Legwand            0  0  0  -1  2   3  2  0  0  0  4/13   19:31   0:12   4:55 
Dustin Byfuglien         0  1  1   3  0   0  0  0  0  2  0/0    14:56   0:00   1:02 
Evander Kane             0  1  1   0  2   5  1  0  1  0  1/2    21:07   0:00   7:24 
Fedor Tyutin             0  0  0   0  2   1  1  1  0  0  0/0    18:30   0:00   5:46 
Jay Bouwmeester          0  0  0  -2  0   0  1  2  1  0  0/0    26:31   0:12   8:38 
Jiri Hudler              0  1  1  -1  2   2  1  1  1  0  0/0    14:29   0:12   0:00 
Matt Gilroy              0  0  0   3  0   0  0  0  0  0  0/0    14:48   0:00   0:54 
Maxim Talbot             0  1  1   1  2   0  2  0  0  0  1/6    10:39   0:00   0:09 
Mike Brown               1  0  1   1  0   1  1  0  0  0  1/1    13:41   0:00   3:23 
Mike Fisher              0  0  0   1  0   0  1  1  0  0  3/5     5:00   0:00   0:00 
Paul Gaustad             0  0  0   0  0   0  0  0  0  0  0/0     1:09   0:00   0:00 
R.J. Umberger            0  1  1  -1  2   0  2  1  0  2  0/0    15:14   0:12   0:49 
Ryan Ellis               0  0  0  -2  0   1  1  2  1  1  0/0    26:31   0:12   8:38 
T.J. Fast                0  0  0   0  0   2  1  0  0  1  0/0    19:07   0:00   6:46 
Tim Connolly             1  0  1   0  0   1  0  0  0  0  8/20   18:17   0:00   4:41 
Vladimir Tarasenko       1  0  1   1  0   5  0  2  0  0  5/12   26:12   0:00   7:57 
Zac Rinaldo              0  0  0   1  2   1  3  1  1  0  0/0    12:26   0:00   2:26 

3 Stars

1 - Nick Palmieri (Van)
2 - Loui Eriksson (Van)
3 - Mike Brown (Que)

Power Play

Canucks - 0 on 8 Attempt(s) - 0.00%
Nordiques - 0 on 1 Attempt(s) - 0.00%

Penalty Kill

Canucks - 1 on 1 Attempt(s) - 100.00% - Score 0 goal in Penalty Kill
Nordiques - 8 on 8 Attempt(s) - 100.00% - Score 0 goal in Penalty Kill

Team Stat

Canucks - Hits : 23 - Faceoff Wins : 36 - Blocked Shots : 7 - Penalty Minutes : 2
Nordiques - Hits : 17 - Faceoff Wins : 23 - Blocked Shots : 11 - Penalty Minutes : 16

Official

Referees : Unknown
Linesman : Unknown

Game Notes

No Game Note

Finance

Level 1 -- Attendance: 4648 (77.47%) -- Ticket Income $581,000
Level 2 -- Attendance: 4019 (80.38%) -- Ticket Income $301,425
Level 3 -- Attendance: 1473 (73.65%) -- Ticket Income $73,650
Level 4 -- Attendance: 2595 (64.88%) -- Ticket Income $103,800
Luxury Box -- Attendance: 762 (76.20%) -- Ticket Income $144,780
Game was played at the Centre Videotron.
Total Attendance: 13497 (74.98%)
Total Ticket Income: $1,204,655
Other Income: $180,698
Total Income: $1,385,353

Canucks

5 vs 5 Forward 
   Center                   Left Wing                Right Wing               Time % Phy DF OF 
 1 Robert Nilsson           Loui Eriksson            Nick Palmieri            40     1   2  2  
 2 Marc Savard              Daniel Carcillo          Brad Boyes               30     1   2  2  
 3 Brandon Sutter           Jason Zucker             Jeremy Morin             20     1   2  2  
 4 Robert Nilsson           Brandon Saad             Jesper Fast              10     1   2  2  

5 vs 5 Defense 
   Defense                  Defense                                           Time % Phy DF OF 
 1 Jamie McBain             Drew Fata                                         40     1   2  2  
 2 Andy Rogers              Paul Ranger                                       30     1   2  2  
 3 Jonathan Blum            Jordie Benn                                       20     1   2  2  
 4 Jamie McBain             Drew Fata                                         10     1   2  2  

PowerPlay Forward 
   Center                   Left Wing                Right Wing               Time % Phy DF OF 
 1 Robert Nilsson           Loui Eriksson            Nick Palmieri            60     1   2  2  
 2 Marc Savard              Daniel Carcillo          Brad Boyes               40     1   2  2  

PowerPlay Defense
   Defense                  Defense                                           Time % Phy DF OF 
 1 Jamie McBain             Drew Fata                                         60     1   2  2  
 2 Andy Rogers              Paul Ranger                                       40     1   2  2  

Penalty Kill 4 Players Forward 
   Center                   Wing                     Time % Phy DF OF 
 1 Robert Nilsson           Loui Eriksson            60     1   2  2  
 2 Daniel Carcillo          Nick Palmieri            40     1   2  2  

Penalty Kill 4 Players Defense
   Defense                  Defense                  Time % Phy DF OF 
 1 Jamie McBain             Drew Fata                60     1   2  2  
 2 Andy Rogers              Paul Ranger              40     1   2  2  

Penalty Kill - 3 Players Forward 
   Forward                                           Time % Phy DF OF 
 1 Robert Nilsson                                    60     1   2  2  
 2 Loui Eriksson                                     40     1   2  2  

Penalty Kill - 3 Players Defense
   Defense                  Defense                  Time % Phy DF OF 
 1 Jamie McBain             Drew Fata                60     1   2  2  
 2 Andy Rogers              Paul Ranger              40     1   2  2  

4 vs 4 Forward 
   Center                   Wing                     Time % Phy DF OF 
 1 Robert Nilsson           Loui Eriksson            60     1   2  2  
 2 Daniel Carcillo          Nick Palmieri            40     1   2  2  

4 vs 4 Defense
   Defense                  Defense                  Time % Phy DF OF 
 1 Jamie McBain             Drew Fata                60     1   2  2  
 2 Andy Rogers              Paul Ranger              40     1   2  2  

Last Minutes Offensive
   Center                   Left Wing                Right Wing               Defense                  Defense                  
   Robert Nilsson           Loui Eriksson            Nick Palmieri            Jamie McBain             Drew Fata                

Last Minutes Defensive
   Center                   Left Wing                Right Wing               Defense                  Defense                  
   Robert Nilsson           Loui Eriksson            Nick Palmieri            Jamie McBain             Drew Fata                

Goaltenders
Starting : Jacob Markstrom          
Backup : Martin Jones             

Extra Forwards
Normal : Jack Skille, Brandon Sutter, Jeremy Morin - PP : Jack Skille, Brandon Sutter - PK : Jeremy Morin
Extra Defensemen
Normal : Jonathan Blum, Jordie Benn, Andy Rogers - PP : Jonathan Blum - PK : Jordie Benn, Andy Rogers
Penalty Shots
Robert Nilsson, Loui Eriksson, Daniel Carcillo, Nick Palmieri, Marc Savard

Scratches
Kurtis Foster (Bruised Left Shoulder Injury), Colton Gillies (Healthy), Tyler Cuma (Fractured Bone in Right Hand Injury)

Nordiques

5 vs 5 Forward 
   Center                   Left Wing                Right Wing               Time % Phy DF OF 
 1 Tim Connolly             Evander Kane             Vladimir Tarasenko       40     1   2  2  
 2 David Legwand            R.J. Umberger            Jiri Hudler              30     1   2  2  
 3 Maxim Talbot             Zac Rinaldo              Mike Brown               20     1   2  2  
 4 Mike Fisher              Vladimir Tarasenko       Adam Pineault            10     1   2  2  

5 vs 5 Defense 
   Defense                  Defense                                           Time % Phy DF OF 
 1 Ryan Ellis               Jay Bouwmeester                                   40     1   2  2  
 2 Fedor Tyutin             T.J. Fast                                         30     1   2  2  
 3 Dustin Byfuglien         Matt Gilroy                                       20     1   2  2  
 4 Ryan Ellis               Jay Bouwmeester                                   10     1   2  2  

PowerPlay Forward 
   Center                   Left Wing                Right Wing               Time % Phy DF OF 
 1 Tim Connolly             Evander Kane             Vladimir Tarasenko       60     1   2  2  
 2 David Legwand            R.J. Umberger            Jiri Hudler              40     1   2  2  

PowerPlay Defense
   Defense                  Defense                                           Time % Phy DF OF 
 1 Ryan Ellis               Jay Bouwmeester                                   60     1   2  2  
 2 Fedor Tyutin             T.J. Fast                                         40     1   2  2  

Penalty Kill 4 Players Forward 
   Center                   Wing                     Time % Phy DF OF 
 1 Vladimir Tarasenko       Evander Kane             60     1   2  2  
 2 Tim Connolly             David Legwand            40     1   2  2  

Penalty Kill 4 Players Defense
   Defense                  Defense                  Time % Phy DF OF 
 1 Ryan Ellis               Jay Bouwmeester          60     1   2  2  
 2 Fedor Tyutin             T.J. Fast                40     1   2  2  

Penalty Kill - 3 Players Forward 
   Forward                                           Time % Phy DF OF 
 1 Vladimir Tarasenko                                60     1   2  2  
 2 Evander Kane                                      40     1   2  2  

Penalty Kill - 3 Players Defense
   Defense                  Defense                  Time % Phy DF OF 
 1 Ryan Ellis               Jay Bouwmeester          60     1   2  2  
 2 Fedor Tyutin             T.J. Fast                40     1   2  2  

4 vs 4 Forward 
   Center                   Wing                     Time % Phy DF OF 
 1 Vladimir Tarasenko       Evander Kane             60     1   2  2  
 2 Tim Connolly             David Legwand            40     1   2  2  

4 vs 4 Defense
   Defense                  Defense                  Time % Phy DF OF 
 1 Ryan Ellis               Jay Bouwmeester          60     1   2  2  
 2 Fedor Tyutin             T.J. Fast                40     1   2  2  

Last Minutes Offensive
   Center                   Left Wing                Right Wing               Defense                  Defense                  
   Tim Connolly             Evander Kane             Vladimir Tarasenko       Ryan Ellis               Jay Bouwmeester          

Last Minutes Defensive
   Center                   Left Wing                Right Wing               Defense                  Defense                  
   Tim Connolly             Evander Kane             Vladimir Tarasenko       Ryan Ellis               Jay Bouwmeester          

Goaltenders
Starting : Jonathan Quick           
Backup : Julien Ellis             

Extra Forwards
Normal : Paul Gaustad, Maxim Talbot, Mike Brown - PP : Paul Gaustad, Maxim Talbot - PK : Mike Brown
Extra Defensemen
Normal : Dustin Byfuglien, Matt Gilroy, Fedor Tyutin - PP : Dustin Byfuglien - PK : Matt Gilroy, Fedor Tyutin
Penalty Shots
Vladimir Tarasenko, Evander Kane, Tim Connolly, David Legwand, R.J. Umberger

Scratches
Cody McLeod (Healthy), Trevor Daley (Healthy), James Sheppard (Healthy)

% Time on Ice - Canucks

Lines # - Real PCT - Wanted PCT - Time Play
Normal Forward
1 - 28% - 40% - 12:00
2 - 29% - 30% - 12:21
3 - 26% - 20% - 11:22
4 - 17% - 10% - 7:13
Normal Defense
1 - 35% - 40% - 15:08
2 - 29% - 30% - 12:25
3 - 34% - 20% - 14:27
4 - 2% - 10% - 0:56
PP Forward
1 - 52% - 60% - 8:11
2 - 48% - 40% - 7:41
PP Defense
1 - 54% - 60% - 8:31
2 - 46% - 40% - 7:21
PK Forward
1 - 100% - 60% - 0:12
2 - 0% - 40% - 0:00
PK Defense
1 - 100% - 60% - 0:12
2 - 0% - 40% - 0:00
PK3 Forward
1 - 0% - 60%
2 - 0% - 40%
PK3 Defense
1 - 0% - 60%
2 - 0% - 40%
44 Forward
1 - 0% - 60%
2 - 0% - 40%
44 Defense
1 - 0% - 60%
2 - 0% - 40%
Last Minute Offensive  - 1:00
Last Minute Defensive  - 0:00
Total
Forward - 60:00
Defense - 60:00

% Time on Ice - Nordiques

Lines # - Real PCT - Wanted PCT - Time Play
Normal Forward
1 - 30% - 40% - 12:54
2 - 36% - 30% - 15:16
3 - 23% - 20% - 9:45
4 - 12% - 10% - 5:00
Normal Defense
1 - 35% - 40% - 15:10
2 - 30% - 30% - 12:44
3 - 31% - 20% - 13:19
4 - 4% - 10% - 1:42
PP Forward
1 - 0% - 60% - 0:00
2 - 100% - 40% - 0:12
PP Defense
1 - 100% - 60% - 0:12
2 - 0% - 40% - 0:00
PK Forward
1 - 70% - 60% - 11:11
2 - 30% - 40% - 4:41
PK Defense
1 - 54% - 60% - 8:38
2 - 46% - 40% - 7:14
PK3 Forward
1 - 0% - 60%
2 - 0% - 40%
PK3 Defense
1 - 0% - 60%
2 - 0% - 40%
44 Forward
1 - 0% - 60%
2 - 0% - 40%
44 Defense
1 - 0% - 60%
2 - 0% - 40%
Last Minute Offensive  - 0:00
Last Minute Defensive  - 1:01
Total
Forward - 60:00
Defense - 60:00

Play-by-Play

1st period


0:01 of 1st period - Evander Kane wins face-off versus Robert Nilsson in neutral zone.
0:03 of 1st period - Off-side.
0:04 of 1st period - Robert Nilsson wins face-off versus Tim Connolly in neutral zone.
0:11 of 1st period - Snap shot by Loui Eriksson.
0:11 of 1st period - Shot Misses the Net.
0:15 of 1st period - Slapshot by Robert Nilsson.
0:15 of 1st period - Stopped by Jonathan Quick without a rebound.
0:16 of 1st period - Marc Savard wins face-off versus David Legwand in Nordiques zone.
0:23 of 1st period - Wrist shot by Brad Boyes.
0:23 of 1st period - Stopped by Jonathan Quick with a rebound.
1:02 of 1st period - Snap shot by Jason Zucker.
1:02 of 1st period - Stopped by Jonathan Quick with a rebound.
1:25 of 1st period - Icing by Jay Bouwmeester.
1:26 of 1st period - Mike Fisher wins face-off versus Marc Savard in Nordiques zone.
1:26 of 1st period - Mike Fisher is hit by Drew Fata.
1:50 of 1st period - Snap shot by David Legwand.
1:50 of 1st period - Stopped by Jacob Markstrom with a rebound.
2:24 of 1st period - Icing by Daniel Carcillo.
2:25 of 1st period - Mike Brown wins face-off versus Marc Savard in Canucks zone.
2:36 of 1st period - Jordie Benn is hit by Zac Rinaldo.
2:52 of 1st period - Snap shot by Robert Nilsson.
2:52 of 1st period - Shot Misses the Net.
2:58 of 1st period - Snap shot by Jiri Hudler.
2:58 of 1st period - Shot Misses the Net.
3:33 of 1st period - Wrist shot by Jesper Fast.
3:33 of 1st period - Shot Misses the Net.
3:51 of 1st period - R.J. Umberger is hit by Daniel Carcillo and loses puck.
4:10 of 1st period - Snap shot by Vladimir Tarasenko.
4:10 of 1st period - Goal by Vladimir Tarasenko - Canucks : 0 - Nordiques : 1.
4:11 of 1st period - Tim Connolly wins face-off versus Robert Nilsson in neutral zone.
4:38 of 1st period - Marc Savard is hit by Jiri Hudler and loses puck.
4:45 of 1st period - Wrist shot by Jamie McBain.
4:45 of 1st period - Shot Misses the Net.
4:47 of 1st period - Slapshot by Andy Rogers.
4:47 of 1st period - Stopped by Jonathan Quick with a rebound.
5:17 of 1st period - Snap shot by Jesper Fast.
5:17 of 1st period - Stopped by Jonathan Quick with a rebound.
5:19 of 1st period - Wrist shot by Robert Nilsson.
5:19 of 1st period - Shot Blocked by Mike Fisher.
5:21 of 1st period - Slapshot by Jonathan Blum.
5:21 of 1st period - Shot Misses the Net.
5:23 of 1st period - Wrist shot by Robert Nilsson.
5:23 of 1st period - Shot Misses the Net.
5:37 of 1st period - Slapshot by Ryan Ellis.
5:37 of 1st period - Shot Misses the Net.
5:39 of 1st period - Snap shot by R.J. Umberger.
5:39 of 1st period - Shot Blocked by Jonathan Blum.
5:41 of 1st period - Snap shot by David Legwand.
5:41 of 1st period - Shot Misses the Net.
6:06 of 1st period - Minor Penalty to Fedor Tyutin for Roughing.
6:07 of 1st period - Loui Eriksson wins face-off versus Vladimir Tarasenko in Nordiques zone.
6:48 of 1st period - Backhand shot by Jamie McBain.
6:48 of 1st period - Stopped by Jonathan Quick with a rebound.
6:58 of 1st period - Dustin Byfuglien is hit by Robert Nilsson and loses puck.
8:06 of 1st period - Penalty to Fedor Tyutin is over, Fedor Tyutin is back on ice.
8:15 of 1st period - Wrist shot by Jason Zucker.
8:15 of 1st period - Shot Misses the Net.
8:17 of 1st period - Wrist shot by Brandon Sutter.
8:17 of 1st period - Stopped by Jonathan Quick with a rebound.
8:19 of 1st period - Slapshot by Jordie Benn.
8:19 of 1st period - Shot Misses the Net.
8:21 of 1st period - Snap shot by Jordie Benn.
8:21 of 1st period - Shot Misses the Net.
8:23 of 1st period - Wrist shot by Brandon Sutter.
8:23 of 1st period - Stopped by Jonathan Quick with a rebound.
8:40 of 1st period - Off-side.
8:41 of 1st period - Brandon Sutter wins face-off versus Maxim Talbot in neutral zone.
8:44 of 1st period - Zac Rinaldo is hit by Jeremy Morin and loses puck.
8:51 of 1st period - Slapshot by Fedor Tyutin.
8:51 of 1st period - Stopped by Jacob Markstrom without a rebound.
8:52 of 1st period - Robert Nilsson wins face-off versus Mike Fisher in Canucks zone.
9:17 of 1st period - Andy Rogers is hit by Mike Brown and loses puck.
9:43 of 1st period - Jamie McBain is hit by Fedor Tyutin and loses puck.
9:52 of 1st period - Snap shot by Evander Kane.
9:52 of 1st period - Shot Misses the Net.
9:54 of 1st period - Wrist shot by Vladimir Tarasenko.
9:54 of 1st period - Stopped by Jacob Markstrom without a rebound.
9:55 of 1st period - Robert Nilsson wins face-off versus David Legwand in Canucks zone.
10:26 of 1st period - Slapshot by Vladimir Tarasenko.
10:26 of 1st period - Shot Misses the Net.
10:28 of 1st period - Wrist shot by Evander Kane.
10:28 of 1st period - Shot Blocked by Drew Fata.
10:32 of 1st period - Wrist shot by Vladimir Tarasenko.
10:32 of 1st period - Shot Misses the Net.
10:34 of 1st period - Snap shot by Evander Kane.
10:34 of 1st period - Stopped by Jacob Markstrom without a rebound.
10:35 of 1st period - David Legwand wins face-off versus Robert Nilsson in Canucks zone.
10:38 of 1st period - Snap shot by Jiri Hudler.
10:38 of 1st period - Stopped by Jacob Markstrom without a rebound.
10:39 of 1st period - David Legwand wins face-off versus Robert Nilsson in Canucks zone.
10:40 of 1st period - Snap shot by Jiri Hudler.
10:40 of 1st period - Stopped by Jacob Markstrom with a rebound.
10:42 of 1st period - Snap shot by David Legwand.
10:42 of 1st period - Stopped by Jacob Markstrom without a rebound.
10:43 of 1st period - Robert Nilsson wins face-off versus David Legwand in Canucks zone.
10:43 of 1st period - Robert Nilsson is hit by R.J. Umberger.
11:20 of 1st period - David Legwand is hit by Nick Palmieri and loses puck.
11:33 of 1st period - Snap shot by David Legwand.
11:33 of 1st period - Shot Misses the Net.
11:35 of 1st period - Slapshot by R.J. Umberger.
11:35 of 1st period - Shot Blocked by Loui Eriksson.
11:37 of 1st period - Wrist shot by David Legwand.
11:37 of 1st period - Stopped by Jacob Markstrom without a rebound.
11:38 of 1st period - Marc Savard wins face-off versus Tim Connolly in Canucks zone.
11:49 of 1st period - Slapshot by Evander Kane.
11:49 of 1st period - Stopped by Jacob Markstrom without a rebound.
11:50 of 1st period - Tim Connolly wins face-off versus Marc Savard in Canucks zone.
12:03 of 1st period - Wrist shot by Evander Kane.
12:03 of 1st period - Stopped by Jacob Markstrom with a rebound.
12:05 of 1st period - Wrist shot by Vladimir Tarasenko.
12:05 of 1st period - Stopped by Jacob Markstrom with a rebound.
12:07 of 1st period - Slapshot by T.J. Fast.
12:07 of 1st period - Stopped by Jacob Markstrom with a rebound.
12:17 of 1st period - Drew Fata is hit by Zac Rinaldo and loses puck.
12:43 of 1st period - Wrist shot by Jason Zucker.
12:43 of 1st period - Stopped by Jonathan Quick without a rebound.
12:44 of 1st period - Robert Nilsson wins face-off versus David Legwand in Nordiques zone.
12:49 of 1st period - Slapshot by Loui Eriksson.
12:49 of 1st period - Stopped by Jonathan Quick without a rebound.
12:50 of 1st period - David Legwand wins face-off versus Robert Nilsson in Nordiques zone.
13:06 of 1st period - Slapshot by Nick Palmieri.
13:06 of 1st period - Stopped by Jonathan Quick with a rebound.
14:02 of 1st period - Slapshot by Ryan Ellis.
14:02 of 1st period - Shot Misses the Net.
14:20 of 1st period - Evander Kane is hit by Jeremy Morin and loses puck.
16:16 of 1st period - Off-side.
16:17 of 1st period - Robert Nilsson wins face-off versus Tim Connolly in neutral zone.
16:28 of 1st period - Wrist shot by Robert Nilsson.
16:28 of 1st period - Shot Misses the Net.
17:33 of 1st period - Slapshot by Loui Eriksson.
17:33 of 1st period - Stopped by Jonathan Quick without a rebound.
17:34 of 1st period - Jack Skille wins face-off versus David Legwand in Nordiques zone.
17:46 of 1st period - Wrist shot by Loui Eriksson.
17:46 of 1st period - Stopped by Jonathan Quick with a rebound.
17:48 of 1st period - Slapshot by Paul Ranger.
17:48 of 1st period - Stopped by Jonathan Quick with a rebound.
17:50 of 1st period - Backhand shot by Jack Skille.
17:50 of 1st period - Stopped by Jonathan Quick with a rebound.
18:08 of 1st period - Wrist shot by Maxim Talbot.
18:08 of 1st period - Shot Misses the Net.
18:57 of 1st period - Icing by Jesper Fast.
18:58 of 1st period - Vladimir Tarasenko wins face-off versus Robert Nilsson in Canucks zone.
19:23 of 1st period - Daniel Carcillo is hit by Ryan Ellis and loses puck.
19:50 of 1st period - Jay Bouwmeester is hit by Brandon Sutter and loses puck.
Goals for this period are 0 for Canucks vs 1 for Nordiques.
Shots for this period are 15 for Canucks vs 13 for Nordiques.

2nd period


0:01 of 2nd period - Robert Nilsson wins face-off versus Tim Connolly in neutral zone.
0:12 of 2nd period - Snap shot by Loui Eriksson.
0:12 of 2nd period - Deflect By Robert Nilsson.
0:12 of 2nd period - Shot Blocked by Jay Bouwmeester.
0:12 of 2nd period - Puck is out of play.
0:13 of 2nd period - Robert Nilsson wins face-off versus Tim Connolly in Nordiques zone.
0:16 of 2nd period - Wrist shot by Nick Palmieri.
0:16 of 2nd period - Deflect By Loui Eriksson.
0:16 of 2nd period - Shot Blocked by Ryan Ellis.
0:16 of 2nd period - Puck is out of play.
0:17 of 2nd period - Robert Nilsson wins face-off versus Tim Connolly in Nordiques zone.
0:24 of 2nd period - Snap shot by Nick Palmieri.
0:24 of 2nd period - Deflect By Loui Eriksson.
0:24 of 2nd period - Goal by Loui Eriksson - Canucks : 1 - Nordiques : 1.
0:25 of 2nd period - Robert Nilsson wins face-off versus Tim Connolly in neutral zone.
0:28 of 2nd period - Evander Kane is hit by Loui Eriksson and loses puck.
1:13 of 2nd period - Fedor Tyutin is hit by Paul Ranger.
1:21 of 2nd period - Wrist shot by Zac Rinaldo.
1:21 of 2nd period - Stopped by Jacob Markstrom with a rebound.
2:05 of 2nd period - Off-side.
2:06 of 2nd period - Tim Connolly wins face-off versus Marc Savard in neutral zone.
2:31 of 2nd period - Matt Gilroy is hit by Jeremy Morin and loses puck.
3:12 of 2nd period - Snap shot by Evander Kane.
3:12 of 2nd period - Stopped by Jacob Markstrom with a rebound.
3:28 of 2nd period - Snap shot by Brad Boyes.
3:28 of 2nd period - Deflect By Marc Savard.
3:28 of 2nd period - Shot Misses the Net.
3:28 of 2nd period - Puck is out of play.
3:29 of 2nd period - Mike Fisher wins face-off versus Brad Boyes in Nordiques zone.
3:48 of 2nd period - Slapshot by Brad Boyes.
3:48 of 2nd period - Stopped by Jonathan Quick with a rebound.
3:50 of 2nd period - Snap shot by Brad Boyes.
3:50 of 2nd period - Shot Blocked by Fedor Tyutin.
3:52 of 2nd period - Slapshot by Jamie McBain.
3:52 of 2nd period - Shot Misses the Net.
3:54 of 2nd period - Minor Penalty to R.J. Umberger for Cross-checking.
3:55 of 2nd period - Robert Nilsson wins face-off versus Vladimir Tarasenko in Nordiques zone.
3:58 of 2nd period - Wrist shot by Robert Nilsson.
3:58 of 2nd period - Stopped by Jonathan Quick without a rebound.
3:59 of 2nd period - Robert Nilsson wins face-off versus Vladimir Tarasenko in Nordiques zone.
5:54 of 2nd period - Penalty to R.J. Umberger is over, R.J. Umberger is back on ice.
5:57 of 2nd period - Icing by Andy Rogers.
5:58 of 2nd period - Brad Boyes wins face-off versus Maxim Talbot in Canucks zone.
6:32 of 2nd period - Icing by Jordie Benn.
6:33 of 2nd period - Robert Nilsson wins face-off versus Mike Fisher in Canucks zone.
6:33 of 2nd period - Robert Nilsson is hit by Mike Fisher.
6:44 of 2nd period - Wrist shot by Vladimir Tarasenko.
6:44 of 2nd period - Stopped by Jacob Markstrom without a rebound.
6:45 of 2nd period - Brad Boyes wins face-off versus Tim Connolly in Canucks zone.
7:13 of 2nd period - Minor Penalty to David Legwand for Holding.
7:14 of 2nd period - Nick Palmieri wins face-off versus Vladimir Tarasenko in Nordiques zone.
7:16 of 2nd period - Snap shot by Robert Nilsson.
7:16 of 2nd period - Shot Misses the Net.
7:30 of 2nd period - Ryan Ellis is hit by Drew Fata and loses puck.
7:59 of 2nd period - T.J. Fast is hit by Brad Boyes and loses puck.
8:10 of 2nd period - Slapshot by Andy Rogers.
8:10 of 2nd period - Shot Misses the Net.
9:13 of 2nd period - Penalty to David Legwand is over, David Legwand is back on ice.
10:01 of 2nd period - Brandon Sutter is hit by Maxim Talbot and loses puck.
10:12 of 2nd period - Snap shot by Brandon Sutter.
10:12 of 2nd period - Shot Blocked by R.J. Umberger.
10:26 of 2nd period - Snap shot by Evander Kane.
10:26 of 2nd period - Deflect By Vladimir Tarasenko.
10:26 of 2nd period - Stopped by Jacob Markstrom without a rebound.
10:27 of 2nd period - Tim Connolly wins face-off versus Jack Skille in Canucks zone.
10:32 of 2nd period - Snap shot by Evander Kane.
10:32 of 2nd period - Stopped by Jacob Markstrom without a rebound.
10:33 of 2nd period - David Legwand wins face-off versus Robert Nilsson in Canucks zone.
11:10 of 2nd period - Evander Kane is hit by Drew Fata and loses puck.
11:43 of 2nd period - Andy Rogers is hit by Evander Kane and loses puck.
12:02 of 2nd period - Dustin Byfuglien is hit by Brandon Sutter and loses puck.
12:53 of 2nd period - Wrist shot by Adam Pineault.
12:53 of 2nd period - Stopped by Jacob Markstrom with a rebound.
12:55 of 2nd period - Backhand shot by T.J. Fast.
12:55 of 2nd period - Stopped by Jacob Markstrom without a rebound.
12:56 of 2nd period - Robert Nilsson wins face-off versus Maxim Talbot in Canucks zone.
13:02 of 2nd period - Off-side.
13:03 of 2nd period - Robert Nilsson wins face-off versus Maxim Talbot in neutral zone.
13:07 of 2nd period - Minor Penalty to Zac Rinaldo for Roughing.
13:08 of 2nd period - Vladimir Tarasenko wins face-off versus Robert Nilsson in Nordiques zone.
13:17 of 2nd period - Jay Bouwmeester is hit by Nick Palmieri and loses puck.
14:58 of 2nd period - Jay Bouwmeester is hit by Marc Savard and loses puck.
15:07 of 2nd period - Penalty to Zac Rinaldo is over, Zac Rinaldo is back on ice.
15:15 of 2nd period - Snap shot by Maxim Talbot.
15:15 of 2nd period - Shot Blocked by Paul Ranger.
16:16 of 2nd period - Wrist shot by R.J. Umberger.
16:16 of 2nd period - Shot Misses the Net.
16:18 of 2nd period - Slapshot by T.J. Fast.
16:18 of 2nd period - Shot Misses the Net.
16:25 of 2nd period - Icing by Jonathan Blum.
16:26 of 2nd period - Tim Connolly wins face-off versus Jack Skille in Canucks zone.
16:41 of 2nd period - Snap shot by Zac Rinaldo.
16:41 of 2nd period - Shot Misses the Net.
18:07 of 2nd period - Dustin Byfuglien is hit by Jesper Fast and loses puck.
18:30 of 2nd period - Wrist shot by Evander Kane.
18:30 of 2nd period - Shot Misses the Net.
18:32 of 2nd period - Wrist shot by Tim Connolly.
18:32 of 2nd period - Goal by Tim Connolly - Canucks : 1 - Nordiques : 2.
18:33 of 2nd period - Robert Nilsson wins face-off versus David Legwand in neutral zone.
18:37 of 2nd period - Snap shot by Nick Palmieri.
18:37 of 2nd period - Shot Misses the Net.
18:39 of 2nd period - Wrist shot by Nick Palmieri.
18:39 of 2nd period - Stopped by Jonathan Quick with a rebound.
18:41 of 2nd period - Snap shot by Nick Palmieri.
18:41 of 2nd period - Goal by Nick Palmieri - Canucks : 2 - Nordiques : 2.
18:42 of 2nd period - Robert Nilsson wins face-off versus David Legwand in neutral zone.
18:45 of 2nd period - Ryan Ellis is hit by Loui Eriksson and loses puck.
19:31 of 2nd period - Snap shot by Brandon Sutter.
19:31 of 2nd period - Stopped by Jonathan Quick with a rebound.
19:41 of 2nd period - Tim Connolly is hit by Jeremy Morin and loses puck.
Goals for this period are 2 for Canucks vs 1 for Nordiques.
Shots for this period are 6 for Canucks vs 8 for Nordiques.

3rd period


0:01 of 3rd period - Tim Connolly wins face-off versus Robert Nilsson in neutral zone.
0:05 of 3rd period - Off-side.
0:06 of 3rd period - Robert Nilsson wins face-off versus Tim Connolly in neutral zone.
0:59 of 3rd period - Wrist shot by Brandon Sutter.
0:59 of 3rd period - Stopped by Jonathan Quick without a rebound.
1:00 of 3rd period - Jason Zucker wins face-off versus Evander Kane in Nordiques zone.
1:01 of 3rd period - Slapshot by Brandon Sutter.
1:01 of 3rd period - Deflect By Jason Zucker.
1:01 of 3rd period - Shot Misses the Net.
1:01 of 3rd period - Puck is out of play.
1:02 of 3rd period - Tim Connolly wins face-off versus Brandon Sutter in Nordiques zone.
1:06 of 3rd period - Off-side.
1:07 of 3rd period - Robert Nilsson wins face-off versus Tim Connolly in neutral zone.
1:17 of 3rd period - Slapshot by Nick Palmieri.
1:17 of 3rd period - Stopped by Jonathan Quick with a rebound.
1:19 of 3rd period - Snap shot by Paul Ranger.
1:19 of 3rd period - Deflect By Evander Kane.
1:19 of 3rd period - Stopped by Jonathan Quick with a rebound.
1:23 of 3rd period - Snap shot by Robert Nilsson.
1:23 of 3rd period - Shot Misses the Net.
1:33 of 3rd period - Andy Rogers is hit by David Legwand and loses puck.
1:42 of 3rd period - Wrist shot by Brad Boyes.
1:42 of 3rd period - Stopped by Jonathan Quick with a rebound.
1:49 of 3rd period - Icing by T.J. Fast.
1:50 of 3rd period - Brandon Sutter wins face-off versus Maxim Talbot in Nordiques zone.
2:22 of 3rd period - Wrist shot by Loui Eriksson.
2:22 of 3rd period - Shot Misses the Net.
2:24 of 3rd period - Slapshot by Drew Fata.
2:24 of 3rd period - Shot Blocked by Vladimir Tarasenko.
2:34 of 3rd period - Minor Penalty to Evander Kane for Slashing.
2:35 of 3rd period - Vladimir Tarasenko wins face-off versus Robert Nilsson in Nordiques zone.
3:06 of 3rd period - Slapshot by Andy Rogers.
3:06 of 3rd period - Shot Blocked by Zac Rinaldo.
4:34 of 3rd period - Penalty to Evander Kane is over, Evander Kane is back on ice.
4:44 of 3rd period - Wrist shot by Jason Zucker.
4:44 of 3rd period - Stopped by Jonathan Quick with a rebound.
4:46 of 3rd period - Slapshot by Jonathan Blum.
4:46 of 3rd period - Deflect By Dustin Byfuglien.
4:46 of 3rd period - Stopped by Jonathan Quick without a rebound.
4:47 of 3rd period - Vladimir Tarasenko wins face-off versus Brandon Sutter in Nordiques zone.
5:10 of 3rd period - Snap shot by Robert Nilsson.
5:10 of 3rd period - Shot Blocked by Jiri Hudler.
6:20 of 3rd period - Marc Savard is hit by Maxim Talbot and loses puck.
6:46 of 3rd period - Jeremy Morin is hit by T.J. Fast and loses puck.
7:04 of 3rd period - Minor Penalty to Adam Pineault for Diving.
7:05 of 3rd period - Robert Nilsson wins face-off versus Vladimir Tarasenko in Nordiques zone.
8:45 of 3rd period - Loui Eriksson is hit by Jay Bouwmeester.
9:04 of 3rd period - Penalty to Adam Pineault is over, Adam Pineault is back on ice.
9:05 of 3rd period - Ryan Ellis is hit by Loui Eriksson.
9:50 of 3rd period - Slapshot by Maxim Talbot.
9:50 of 3rd period - Shot Misses the Net.
9:52 of 3rd period - Wrist shot by Mike Brown.
9:52 of 3rd period - Goal by Mike Brown - Canucks : 2 - Nordiques : 3.
9:53 of 3rd period - Robert Nilsson wins face-off versus David Legwand in neutral zone.
9:58 of 3rd period - Backhand shot by Ryan Ellis.
9:58 of 3rd period - Shot Blocked by Robert Nilsson.
10:06 of 3rd period - Snap shot by R.J. Umberger.
10:06 of 3rd period - Shot Blocked by Andy Rogers.
10:20 of 3rd period - Brad Boyes is hit by Zac Rinaldo and loses puck.
10:29 of 3rd period - Snap shot by Zac Rinaldo.
10:29 of 3rd period - Shot Misses the Net.
10:31 of 3rd period - Slapshot by Jay Bouwmeester.
10:31 of 3rd period - Deflect By Maxim Talbot.
10:31 of 3rd period - Shot Misses the Net.
10:31 of 3rd period - Puck is out of play.
10:32 of 3rd period - Robert Nilsson wins face-off versus Tim Connolly in Canucks zone.
10:39 of 3rd period - Slapshot by Loui Eriksson.
10:39 of 3rd period - Shot Blocked by Vladimir Tarasenko.
10:57 of 3rd period - Marc Savard is hit by R.J. Umberger and loses puck.
11:17 of 3rd period - Minor Penalty to Maxim Talbot for Hooking.
11:18 of 3rd period - Robert Nilsson wins face-off versus Vladimir Tarasenko in Nordiques zone.
13:17 of 3rd period - Penalty to Maxim Talbot is over, Maxim Talbot is back on ice.
13:28 of 3rd period - Slapshot by Brandon Sutter.
13:28 of 3rd period - Stopped by Jonathan Quick without a rebound.
13:29 of 3rd period - Maxim Talbot wins face-off versus Brandon Sutter in Nordiques zone.
13:29 of 3rd period - Maxim Talbot is hit by Brandon Sutter.
13:58 of 3rd period - Wrist shot by Brandon Sutter.
13:58 of 3rd period - Deflect By Jeremy Morin.
13:58 of 3rd period - Shot Misses the Net.
13:58 of 3rd period - Puck is out of play.
13:59 of 3rd period - Mike Fisher wins face-off versus Robert Nilsson in Nordiques zone.
14:04 of 3rd period - Wrist shot by Jay Bouwmeester.
14:04 of 3rd period - Shot Blocked by Nick Palmieri.
14:14 of 3rd period - Slapshot by Ryan Ellis.
14:14 of 3rd period - Stopped by Jacob Markstrom with a rebound.
14:24 of 3rd period - Jamie McBain is hit by David Legwand.
14:33 of 3rd period - Minor Penalty to Jiri Hudler for Boarding.
14:34 of 3rd period - Robert Nilsson wins face-off versus Vladimir Tarasenko in Nordiques zone.
14:34 of 3rd period - Snap shot by Loui Eriksson.
14:34 of 3rd period - Stopped by Jonathan Quick without a rebound.
14:35 of 3rd period - Vladimir Tarasenko wins face-off versus Robert Nilsson in Nordiques zone.
14:48 of 3rd period - Wrist shot by Robert Nilsson.
14:48 of 3rd period - Shot Misses the Net.
15:06 of 3rd period - Slapshot by Brad Boyes.
15:06 of 3rd period - Shot Blocked by Jay Bouwmeester.
15:10 of 3rd period - Snap shot by Daniel Carcillo.
15:10 of 3rd period - Shot Misses the Net.
15:12 of 3rd period - Snap shot by Brad Boyes.
15:12 of 3rd period - Shot Blocked by Ryan Ellis.
16:33 of 3rd period - Penalty to Jiri Hudler is over, Jiri Hudler is back on ice.
16:45 of 3rd period - David Legwand is hit by Jason Zucker and loses puck.
17:28 of 3rd period - Snap shot by Jeremy Morin.
17:28 of 3rd period - Stopped by Jonathan Quick with a rebound.
17:45 of 3rd period - Mike Brown is hit by Jeremy Morin.
18:58 of 3rd period - Off-side.
18:59 of 3rd period - Peter Laviolette call a timeout for Canucks.
18:59 of 3rd period - Tim Connolly wins face-off versus Robert Nilsson in neutral zone.
19:12 of 3rd period - Canucks, Jacob Markstrom is pulled from the net.
19:28 of 3rd period - Snap shot by Nick Palmieri.
19:28 of 3rd period - Stopped by Jonathan Quick without a rebound.
19:29 of 3rd period - Robert Nilsson wins face-off versus Tim Connolly in Nordiques zone.
19:47 of 3rd period - Minor Penalty to Robert Nilsson for Hooking.
19:48 of 3rd period - Jacob Markstrom from Canucks was sent back in the game.
19:48 of 3rd period - Jeremy Morin wins face-off versus David Legwand in Canucks zone.
Goals for this period are 0 for Canucks vs 1 for Nordiques.
Shots for this period are 10 for Canucks vs 2 for Nordiques.